Selects Air and Sea Battlegroup
Construct Section Command Post
Construct Platoon Command Post
Construct Field Infirmary
Unlock Bishop Self-propelled Artillery
Bishop Self-propelled Artillery
6-pounder Anti-tank Gun Team
Selects Commando Section Paradrop
Selects Commando Support Section Paradrop
Commando Support Section Paradrop
Commando Support Section Paradrop
Construct Company Command Post
Selects Incendiary Bombing Run
Unlock Towed 17-pounder Anti-tank Guns